[Event "44th Chess Olympiad Women 2022"]
[Site "Chennai"]
[Date "2022.07.31"]
[Round "3.31"]
[White "Munoz Henriquez, Alba Esther"]
[Black "Jansone, Melanija Luize"]
[Result "1-0"]
[WhiteElo "1588"]
[BlackElo "1584"]
[Annotator "NA RC"]
[PlyCount "119"]
[EventDate "2022.??.??"]
[TimeControl "60"]

1. e4 d6 2. d4 Nf6 3. Nc3 g6 4. Bf4 Bg7 5. Qd2 c6 6. Bh6 Bxh6 7. Qxh6 Qa5 8.
Bd3 b5 9. e5 dxe5 10. dxe5 b4 11. exf6 bxc3 12. b3 Qe5+ 13. Ne2 Qxf6 14. O-O Ba6 15. Rad1 Bxd3 16. Rxd3 Nd7 17. Rxc3 Ne5 18. h3 Rd8 19. Re1 Rd5 20. Re3 Rc5 21. c4 Nd7 22. Ng3 Re5 23. Ne4 Qf5 24. Qg7 Rf8 25. Qxh7 Re6 26. Qh4 a6 27. b4 Re5 28. a3 g5 29. Qg3 Rg8 30.
Nc5 Rxe3 31. Qxe3 e5 32. Nxd7 Kxd7 33. Rd1+ Ke6 34. Qc5 Kf6 35. Qxc6+ Kg7 36. Qxa6 Qc2 37. Qd6 Re8 38. c5 Re6 39. Qd2 Qf5 40. b5 g4 41. hxg4 Qxg4 42. Re1 Qh4 43. c6 Rh6 44. f3 Qh1+ 45.
Kf2 Qh4+ 46. Ke2 Qc4+ 47. Kf2 Qh4+ 48. Kf1 Qh1+ 49. Kf2 Qh4+ 50. Ke2 Qc4+ 51. Qd3 Qa2+ 52. Qd2 Qc4+ 53. Qd3 Qa2+ 54. Ke3 Qxg2 55. Qf5 Rg6 56. c7 Qb2 57. Qxg6+ fxg6 58. c8=Q Qd4+ 59. Ke2 Qb2+ 60. Kf1 1-0

[Event "44th Chess Olympiad Women 2022"]
[Site "Chennai"]
[Date "2022.07.31"]
[Round "3.31"]
[White "Rogule, Laura"]
[Black "Chung Hurtado, Yaleika"]
[Result "1-0"]
[WhiteElo "2292"]
[BlackElo "1696"]
[Annotator "RC"]
[PlyCount "65"]
[EventDate "2022.??.??"]
[TimeControl "60"]

1. c4 e5 2. Nc3 Nf6 3. g3 d5 4. cxd5 Nxd5 5. Bg2 Ne7 6. b4 a6 7. Nf3 Nbc6 8. a3 g6 9. Bb2 Bg7 10. d3 O-O 11. O-O Rb8 12. Rc1 Kh8 13.
e3 f5 14. Qc2 Be6 15. Rcd1 Bg8 16. Na4 b6 17. Rd2 Qd6 18. Rc1 Rbc8 19. Ne1 Nd8 20. Rdd1 Bd5 21. e4 Bg8 22. Nf3 Ne6 23. Bc3 f4 24. Nb2 b5 25. d4 Nxd4 26. Bxd4 exd4 27. e5 Bxe5 28. Nxe5 Qxe5 29. Nd3 Qf5 30. Qb2 fxg3 31. Qxd4+ Qf6 32. Qxf6+ Rxf6 33. hxg3 1-0

[Event "44th Chess Olympiad Women 2022"]
[Site "Chennai"]
[Date "2022.07.31"]
[Round "3.31"]
[White "Vasquez Jaen, Lourdes Lorena"]
[Black "Ter-Avetisjana, Agnesa Stepania"]
[Result "1/2-1/2"]
[WhiteElo "1653"]
[BlackElo "1962"]
[Annotator "RC"]
[PlyCount "142"]
[EventDate "2022.??.??"]
[TimeControl "60"]

1. e4 c6 2. d4 d5 3. Nc3 dxe4 4. Nxe4 Bf5 5. Ng3 Bg6 6. Nf3 Nd7 7. h4 h6 8. h5 Bh7 9. Bd3 Bxd3 10. Qxd3 Ngf6 11. Bf4 e6 12. O-O-O Qa5 13. Kb1 O-O-O 14. Bd2 Qc7 15. Ne4 Nxe4 16. Qxe4 Nf6 17. Qe2 Rd5 18. c4 Rxh5 19. Rxh5 Nxh5 20. Ne5 Nf6 21. Bf4 Rg8 22. d5 Bd6 23. dxe6 fxe6 24. Nxc6 Qxc6 25. Qxe6+ Qd7 26. Rxd6 Qxe6 27. Rxe6 Kd7 28. Rd6+ Ke7 29. Rd3 Rc8 30. b3 Ke6 31. Be3 b6 32. Bd4 Rc7 33. Re3+ Kf7 34. Rf3 Re7 35. Bxf6 gxf6 36. Kb2 Re2+ 37. Ka3 Rc2 38. b4 Rxc4 39. Kb3 Rg4 40. g3 Rd4 41. Kc3 Rd1 42. Kc4 Rd2 43.
a3 a6 44. Kc3 Re2 45. Kd3 Ra2 46. Ke4 Rd2 47. Ke3 Rb2 48. Ke4 Kg6 49. Kd5 a5 50. bxa5 bxa5 51. Ke6 f5 52. Kd5 Kg5 53. Rf4 h5 54. Ke5 Re2+ 55. Kd4 h4 56. Rxh4 Rxf2 57. Ke3 Rg2 58. Kf3 Rd2 59. Ra4 Rd5 60. Ke3 Rb5 61. Kf2 Kf6 62. Kf3 Ke5 63. Ke3 Rb3+ 64. Kf2 Rb2+ 65. Kf3 Rb5 66. Ke3 Rd5 67. Kf3 Rc5 68. Ke3 Rb5 69. Kf3 Rb3+ 70. Kf2 Rb2+ 71. Kf3 Rb5 1/2-1/2

[Event "44th Chess Olympiad Women 2022"]
[Site "Chennai"]
[Date "2022.07.31"]
[Round "3.32"]
[White "Misawa, Yuki"]
[Black "Mirza, Diana"]
[Result "0-1"]
[WhiteElo "1587"]
[BlackElo "1898"]
[Annotator "NA RC"]
[PlyCount "58"]
[EventDate "2022.??.??"]
[TimeControl "60"]

1. d4 Nf6 2. c4 c5 3. Nf3 cxd4 4. Nxd4 e5 5. Nf3 Nc6 6. e3 d5 7. cxd5 Nxd5 8. Be2 Bb4+ 9. Bd2 e4 10. Ng1 Qg5 11. g3 O-O 12. Bxb4 Ndxb4 13. Nc3 Rd8 14. Qa4 Bf5 15. Bc4 Nd3+ 16. Kf1 Nce5 17. Bxd3 exd3 18. f4 Qg4 19. fxe5 Qxa4 20. Nxa4 Be4 21. Kf2 Bxh1 22. Nf3 Bxf3 23. Kxf3 Rac8 24. Nc3 b5 25. a3 a5 26. Ke4 Rc4+ 27. Kf5 g6+ 28. Kf6 Re8 29. h3 h6 0-1

[Event "44th Chess Olympiad Women 2022"]
[Site "Chennai"]
[Date "2022.07.31"]
[Round "3.32"]
[White "Ni Mhuireagain, Eibhia"]
[Black "Mitsuyama, Rikka"]
[Result "1-0"]
[WhiteElo "1638"]
[BlackElo "1157"]
[Annotator "NA"]
[PlyCount "89"]
[EventDate "2022.??.??"]
[TimeControl "60"]

1. c4 c6 2. Nc3 d5 3. b3 Nf6 4. Nf3 Bf5 5. g3 Nbd7 6. Bg2 e5 7. cxd5 cxd5 8.
O-O Rc8 9. Nh4 Be6 10. Bb2 e4 11. f4 Qb6+ 12. Kh1 Nc5 13. Rc1 Bg4 14. Qe1 Be7 15. h3 Bd7 16. Qf2 Qd6 17. Nd1 Qa6 18. Nc3 Qd6 19. b4 Ne6 20. a3 b6 21. Nf5 Qb8 22. Nxe7 Kxe7 23. d3 e3 24. Qf3 Bc6 25. Nd1 Bb7 26. Nxe3 h5 27. Bxf6+ gxf6 28. Nxd5+ Kf8 29. Rxc8+ Qxc8 30. Qe3 Qc6 31. Rc1 Qd6 32. Nxf6 Ba6 33. f5 Nd4 34. Ne4 Qe5 35. f6 Nf5 36. Qf4 Qxf4 37. gxf4 Nd4 38. e3 Ne6 39. d4 Rh6 40. Ng5 Rxf6 41. Nh7+ Kg7 42. Nxf6 Kxf6 43. Bf3 h4 44. d5 Ng7 45. e4 1-0

[Event "44th Chess Olympiad Women 2022"]
[Site "Chennai"]
[Date "2022.07.31"]
[Round "3.32"]
[White "Putar, Lara"]
[Black "Kojima, Natsumi"]
[Result "1-0"]
[WhiteElo "1969"]
[BlackElo "1782"]
[Annotator "NA"]
[PlyCount "87"]
[EventDate "2022.??.??"]
[TimeControl "60"]

1. d4 e6 2. c4 f5 3. g3 Nf6 4. Bg2 d5 5. Nh3 c6 6. O-O Bd6 7. Bf4 O-O 8.
Bxd6 Qxd6 9. Nd2 Bd7 10. Rc1 Be8 11. Nf4 g5 12. Nd3 Nbd7 13.
cxd5 exd5 14. Nf3 Ne4 15. Nfe5 Nef6 16. Qd2 Ne4 17. Bxe4 dxe4 18. Qxg5+ Kh8 19. Nxd7 Bxd7 20. Nc5 b6 21.
Nxd7 Qxd7 22. e3 Rae8 23. Qh6 Rc8 24. Rc2 c5 25. dxc5 Qg7 26.
Qxg7+ Kxg7 27. c6 Rfd8 28. b4 Rd5 29. a4 b5 30. Ra1 Rc7 31.
axb5 Rxb5 32. Rc4 Kf6 33. Kg2 Ke6 34. g4 fxg4 35. Rxe4+ Kf5 36. Rf4+ Kg5 37. Rc1 h5 38. Rfc4 Kg6 39. Rd1 Rb6 40. Rd6+ Kf7 41. Rh6 Ke8 42. Rh8+ Ke7 43. Rh7+ Ke8 44. Rxc7 1-0

[Event "44th Chess Olympiad Women 2022"]
[Site "Chennai"]
[Date "2022.07.31"]
[Round "3.32"]
[White "Sakai, Azumi"]
[Black "Kanyamarala, Trisha"]
[Result "1/2-1/2"]
[WhiteElo "1759"]
[BlackElo "2270"]
[Annotator "RC"]
[PlyCount "78"]
[EventDate "2022.??.??"]
[TimeControl "60"]

1. d4 Nf6 2. c4 e6 3. Nf3 d5 4. Nc3 Bb4 5. Qa4+ Nc6 6. e3 O-O 7. Bd2 a6 8. a3 Bxc3 9. Bxc3 Re8 10. Bd3 dxc4 11. Bxc4 Nd5 12. Qc2 Qe7 13. O-O Nxc3 14. Qxc3 e5 15. Nxe5 Nxe5 16. dxe5 Qxe5 17. Qxe5 Rxe5 18. Rfd1 Bf5 19. Rd5 Rxd5 20. Bxd5 c6 21. Bf3 Kf8 22. Rd1 Ke7 23. Kf1 Rc8 24. Ke2 Rc7 25. b4 Be6 26. Rc1 Kd6 27. g3 b6 28. Kd3 Bd7 29. Bg2 Ra7 30.
f4 a5 31. e4 axb4 32. axb4 Ra4 33. e5+ Kc7 34. Bxc6 Bxc6 35. b5 Ra3+ 36. Kd4 Ra4+ 37. Kd3 Ra3+ 38. Kd4 Ra4+ 39. Kd3 Ra3+ 1/2-1/2

[Event "44th Chess Olympiad Women 2022"]
[Site "Chennai"]
[Date "2022.07.31"]
[Round "3.33"]
[White "Ampaire Shakira"]
[Black "Azhar, Puteri Munajjah Az-"]
[Result "1/2-1/2"]
[WhiteElo "1666"]
[BlackElo "2018"]
[Annotator "NA"]
[PlyCount "119"]
[EventDate "2022.??.??"]
[TimeControl "60"]

1. e4 c5 2. Nf3 e6 3. d4 cxd4 4. Nxd4 a6 5. Nc3 Qc7 6. Be2 Nf6 7. Bg5 Be7 8. O-O b5 9. Bf3 Qe5 10. Bh4 Nc6 11. Nxc6 dxc6 12. Bg3 Qc5 13. e5 Nd5 14. Ne4 Qb6 15. Nd6+ Bxd6 16. exd6 O-O 17. b3 b4 18. a3 Bd7 19. Qd3 a5 20. Rfd1 f6 21. Be4 f5 22. Bxd5 cxd5 23.
Be5 Rac8 24. axb4 Qxb4 25. Qd4 Qxd4 26. Bxd4 Rxc2 27. Rxa5 Rfc8 28. g3 R2c6 29. Ra7 Rd8 30. Be5 Kf8 31. b4 Ke8 32. Rb7 Rdc8 33. Rc7 Rb6 34. Rxc8+ Bxc8 35. Rb1 Kd7 36. b5 Kd8 37. Rb2 Bd7 38. Bd4 Rxb5 39. Rxb5 Bxb5 40. Bxg7 Kd7 41. Be5 Kc6 42. f3 Kc5 43. Kf2 d4 44. h3 Kd5 45. f4 Ke4 46. Bf6 h5 47. Bd8 d3 48.
Ba5 Kd5 49. Bb4 Kc4 50. Bd2 Kd4 51. Bb4 Bc6 52. Bd2 Ke4 53.
Bc3 Bb5 54. Bb4 Kd4 55. Kf3 Kc4 56. Bd2 Kc5 57. g4 fxg4+ 58.
hxg4 hxg4+ 59. Kxg4 Kxd6 60. Kf3 1/2-1/2

[Event "44th Chess Olympiad Women 2022"]
[Site "Chennai"]
[Date "2022.07.31"]
[Round "3.33"]
[White "Azhar, Puteri Rifqah Fahad"]
[Black "Nansubuga, Gloria"]
[Result "1/2-1/2"]
[WhiteElo "1940"]
[BlackElo "1538"]
[Annotator "NA RC"]
[PlyCount "68"]
[EventDate "2022.??.??"]
[TimeControl "60"]

1. d4 d5 2. Nf3 c5 3. c3 e6 4. Bf4 Bd6 5. Bg3 Bxg3 6. hxg3 c4 7. Qc2 h6 8. Nbd2 Nf6 9. e4 Nc6 10. e5 Nd7 11. g4 Ne7 12. g5 Ng6 13.
gxh6 Rxh6 14. Rxh6 gxh6 15. g3 Qe7 16. Bg2 b5 17. Ke2 Bb7 18.
Rh1 Qf8 19. Nf1 Ke7 20. Qd2 Qg7 21. Rxh6 Rh8 22. Qg5+ Ke8 23. Rxh8+ Qxh8 24. Nh4 Ndf8 25. Nxg6 Nxg6 26. Ne3 Qh7 27. Ng4 Nf4+ 28. Qxf4 Qd3+ 29. Ke1 Qb1+ 30. Ke2 Qd3+ 31. Ke1 Qb1+ 32. Ke2 Qd3+ 33. Ke1 Qb1+ 34. Ke2 Qd3+ 1/2-1/2

[Event "44th Chess Olympiad Women 2022"]
[Site "Chennai"]
[Date "2022.07.31"]
[Round "3.33"]
[White "Foudzi, Siti Zulaikha"]
[Black "Nakabo, Peninah"]
[Result "1/2-1/2"]
[WhiteElo "2188"]
[BlackElo "1747"]
[Annotator "ChessBase"]
[PlyCount "101"]
[EventDate "2022.??.??"]
[TimeControl "60"]

1. e4 c6 2. d4 d5 3. e5 c5 4. Nf3 Nc6 5. c3 Bg4 6. Be2 e6 7. Nbd2 Qb6 8.
O-O cxd4 9. Nxd4 Bxe2 10. Qxe2 Nxd4 11. cxd4 Ne7 12. Nb3 Nc6 13. Be3 a5 14. Rac1 a4 15. Nc5 Bxc5 16. Rxc5 O-O 17. Rfc1 Rfc8 18. Qc2 Qd8 19. h3 h6 20. Kf1 Ne7 21. Rxc8 Qxc8 22. Qc7 Nc6 23. Qxc8+ Rxc8 24. Rc5 Kf8 25. Rb5 Rb8 26. Rc5 Ke7 27. Ke2 Kd7 28. f4 b6 29. Rc1 Rc8 30. Kd2 Ne7 31. Rxc8 Nxc8 32. b3 axb3 33. axb3 Kc6 34. Kc3 Kb5 35. Bc1 h5 36. Ba3 g6 37. g4 hxg4 38. hxg4 Na7 39. Bf8 Nc6 40. Bd6 Na7 41. Bf8 Kc6 42. Be7 Kd7 43. Bf8 Ke8 44. Bb4 Kd7 45. Bf8 Kc6 46. Be7 Nb5+ 47. Kd3 Nc7 48. Kc3 Ne8 49. Bd8 Kb5 50. Be7 Nc7 51. Bd6 1/2-1/2

[Event "44th Chess Olympiad Women 2022"]
[Site "Chennai"]
[Date "2022.07.31"]
[Round "3.33"]
[White "Kawuma Patricia"]
[Black "Sim, Jia Ru"]
[Result "0-1"]
[WhiteElo "1653"]
[BlackElo "2005"]
[Annotator "NA RC"]
[PlyCount "78"]
[EventDate "2022.??.??"]
[TimeControl "60"]

1. e4 c5 2. Nf3 e6 3. d4 cxd4 4. Nxd4 Nc6 5. Be3 Qc7 6. Bd3 a6 7. a3 Nf6 8. Nc3 b5 9. Nxc6 dxc6 10. O-O Bb7 11. f3 Be7 12. Qe1 c5 13.
Qf2 O-O 14. Bg5 c4 15. Be2 Ng4 16. fxg4 Bxg5 17. h4 Be7 18. Kh1 Qe5 19. Rad1 Bd6 20. Rxd6 Qxd6 21. h5 h6 22. Bf3 Qe5 23. Qb6 Rab8 24. Qe3 f5 25. gxf5 exf5 26. Qc1 fxe4 27. Nxe4 Bxe4 28. Re1 Rxf3 29. Rxe4 Qxe4 30.
gxf3 Qxf3+ 31. Kg1 Rd8 32. Kh2 Rd1 33. Qxd1 Qxd1 34. Kh3 g5 35. hxg6 h5 36. g7 Qg4+ 37. Kh2 h4 38. a4 h3 39. axb5 Qg2# 0-1

[Event "44th Chess Olympiad Women 2022"]
[Site "Chennai"]
[Date "2022.07.31"]
[Round "3.34"]
[White "Charinda, Kudzanayi"]
[Black "Verbin, Valentina"]
[Result "1-0"]
[WhiteElo "1719"]
[BlackElo "2069"]
[Annotator "NA"]
[PlyCount "71"]
[EventDate "2022.??.??"]
[TimeControl "60"]

1. e4 c5 2. Nf3 d6 3. d4 cxd4 4. Nxd4 Nf6 5. Nc3 Nc6 6. f3 e5 7. Nb3 Be6 8. Be3 Be7 9. Qd2 O-O 10. O-O-O a5 11. Kb1 a4 12. Nc1 a3 13. b3 Qa5 14. g4 d5 15. Nxd5 Bxd5 16. exd5 Nxd5 17. Qxd5 Qc3 18. Nd3 Rad8 19. Qc4 Rxd3 20. Qxc3 Rxc3 21. Bd3 Rd8 22. Bb6 Ra8 23. Be4 Ra6 24. Bf2 Kf8 25. Rd7 Nd8 26. Rhd1 Ra8 27. Bg3 f6 28. g5 Rac8 29. gxf6 gxf6 30. f4 exf4 31. Bxf4 h5 32. Bh6+ Kf7 33. Bf4 b5 34. Bd6 Re3 35. Rxe7+ Kg8 36. Bd5+ 1-0

[Event "44th Chess Olympiad Women 2022"]
[Site "Chennai"]
[Date "2022.07.31"]
[Round "3.34"]
[White "Gitu, Paula-Alexandra"]
[Black "Shaba, Linda Dalitso"]
[Result "0-1"]
[WhiteElo "2109"]
[BlackElo "1658"]
[Annotator "RC"]
[PlyCount "150"]
[EventDate "2022.??.??"]
[TimeControl "60"]

1. e4 e6 2. d4 d5 3. Nd2 Nf6 4. e5 Nfd7 5. f4 c5 6. c3 Nc6 7. Ndf3 Be7 8. Bd3 cxd4 9. cxd4 Nb4 10. Bb1 Nb6 11. Ne2 Bd7 12. a3 Nc6 13. O-O a5 14. a4 Nb4 15. Ng3 g6 16. b3 O-O 17. Ng5 Rc8 18.
Bd2 Rc6 19. Qg4 Nc8 20. f5 exf5 21. Qh4 h5 22. Nxh5 gxh5 23.
Qxh5 Bxg5 24. Bxg5 Qb6 25. Qh4 f6 26. exf6 Rcxf6 27. Bxf6 Qxf6 28. Qg3+ Qg7 29. Qf4 Nc6 30. Rd1 N8e7 31. Ra2 Ng6 32. Qd6 Qf7 33. Rf2 Qe6 34. Qg3 Rf6 35. h4 Kf7 36. h5 Nge7 37. Rf4 Qe2 38.
Qf3 Qxf3 39. Rxf3 Kg7 40. Rf4 Nc8 41. Rdf1 Nd6 42. g4 Kh6 43. Kg2 Kg5 44. Bd3 Ne7 45. Kg3 Rh6 46. Re1 Nc6 47. gxf5 Bxf5 48. Kf3 Be4+ 49. Bxe4 dxe4+ 50. Ke3 Nf5+ 51.
Rxf5+ Kxf5 52. Rf1+ Ke6 53. Kxe4 Rxh5 54. Rf4 Nb4 55. Rg4 Rh1 56. Rg7 Re1+ 57. Kf3 b6 58. Rg6+ Kd5 59. Rxb6 Kxd4 60. Rb5 Re5 61. Rxe5 Kxe5 62. Ke3 Kd5 63. Ke2 Ke4 64. Kd2 Kd4 65. Kc1 Kc3 66. Kb1 Kxb3 67. Ka1 Nd5 68. Kb1 Nc3+ 69. Ka1 Nxa4 70. Kb1 Nb6 71. Ka1 a4 72. Kb1 a3 73. Ka1 Nd5 74. Kb1 Nb4 75. Ka1 Nc2+ 0-1

[Event "44th Chess Olympiad Women 2022"]
[Site "Chennai"]
[Date "2022.07.31"]
[Round "3.34"]
[White "Makwena, Christine"]
[Black "Petrenko, Svetlana"]
[Result "0-1"]
[WhiteElo "1609"]
[BlackElo "2029"]
[Annotator "NA RC"]
[PlyCount "80"]
[EventDate "2022.??.??"]
[TimeControl "60"]

1. d4 Nf6 2. Bg5 d5 3. Bxf6 exf6 4. e3 Bd6 5. Bd3 c6 6. Nd2 f5 7. Ngf3 O-O 8. c4 Na6 9. a3 dxc4 10. Nxc4 Bb8 11. O-O Nc7 12. Qc2 g6 13. Rad1 Nd5 14. Rfe1 Be6 15. b4 Bc7 16. Ncd2 a5 17. b5 cxb5 18. Bxb5 Rc8 19. Qb2 Nc3 20. Rc1 Nxb5 21. Qxb5 Bd5 22. Rc5 Bc6 23. Qb2 Bd6 24. Rc3 Qe7 25. Rec1 Rb8 26. Qa2 Rfd8 27. Ne1 Bd5 28. Qb2 b5 29. Rc5 Bxc5 30. Rxc5 Qb7 31. Nb3 Ra8 32. Nd2 b4 33. Ndf3 bxa3 34. Qxa3 a4 35. Ne5 Qb3 36. Qc1 a3 37. Rc3 Qb2 38. N5d3 Qxc1 39. Rxc1 a2 40. Ra1 Rdb8 0-1

[Event "44th Chess Olympiad Women 2022"]
[Site "Chennai"]
[Date "2022.07.31"]
[Round "3.34"]
[White "Petricenco, Ana"]
[Black "Mudodo, Refiloe Hazel"]
[Result "1-0"]
[WhiteElo "1912"]
[BlackElo "1604"]
[Annotator "NA RC"]
[PlyCount "51"]
[EventDate "2022.??.??"]
[TimeControl "60"]

1. e4 e6 2. d3 d5 3. Nd2 Nf6 4. Ngf3 dxe4 5. dxe4 b6 6. c3 Bb7 7. Qc2 Nc6 8. Be2 a5 9. a4 Be7 10. O-O O-O 11. Rd1 Bc5 12. Nb3 Qe7 13.
Bg5 e5 14. Nxc5 Qxc5 15. Bxf6 gxf6 16. Qd2 Kg7 17. Nh4 Ne7 18. Qd3 Kh8 19. Qf3 Kg7 20. Rd7 Rad8 21. b4 axb4 22. cxb4 Qxb4 23. Rxe7 Qc5 24. Nf5+ Kh8 25. Qg4 Rg8 26. Qh4 1-0

[Event "44th Chess Olympiad Women 2022"]
[Site "Chennai"]
[Date "2022.07.31"]
[Round "3.35"]
[White "Corrales Jimenez, Zenia"]
[Black "Kannappan, Sigappi"]
[Result "1/2-1/2"]
[WhiteElo "2143"]
[BlackElo "1914"]
[Annotator "RC"]
[PlyCount "108"]
[EventDate "2022.??.??"]
[TimeControl "60"]

1. e4 c5 2. Nf3 d6 3. d4 cxd4 4. Nxd4 Nf6 5. Nc3 a6 6. Be2 e5 7. Nf3 h6 8. O-O Be7 9. Be3 Be6 10. Nd5 Nbd7 11. Nxe7 Qxe7 12. Bd3 O-O 13. c4 Rac8 14. Qe2 Nc5 15. Nd2 Nxd3 16. Qxd3 Ng4 17. b3 Qh4 18. h3 Nxe3 19. Qxe3 Rc6 20. a4 Qg5 21. Qxg5 hxg5 22. a5 g4 23. hxg4 Bxg4 24. Rfe1 Be6 25. Re3 f5 26. exf5 Bxf5 27. Nf3 Rc5 28. Rd1 Rf6 29. Rd5 Rc6 30. Re1 Be6 31. Rd2 Bg4 32. Nh2 Bh5 33. Nf1 Rc5 34. Ng3 Bg6 35. Red1 Rxa5 36. Rxd6 Bc2 37. Rxf6 gxf6 38. Rd8+ Kf7 39. Rd7+ Kg6 40. Rxb7 Ra1+ 41. Kh2 Rb1 42. b4 a5 43. b5 Bd3 44. c5 Rxb5 45. c6 Rc5 46. c7 a4 47. Ra7 f5 48. f3 f4 49. Nh1 Rc2 50. Nf2 Bf5 51. Nh3 Bxh3 52. Kxh3 a3 53. g3 fxg3 54. Kxg3 Kf5 1/2-1/2

[Event "44th Chess Olympiad Women 2022"]
[Site "Chennai"]
[Date "2022.07.31"]
[Round "3.35"]
[White "Deng, Jing Xin Crystal"]
[Black "Guerrero Rodriguez, Alejandra"]
[Result "1-0"]
[WhiteElo "1914"]
[BlackElo "2006"]
[Annotator "NA RC"]
[PlyCount "45"]
[EventDate "2022.??.??"]
[TimeControl "60"]

1. d4 c5 2. d5 Nf6 3. c4 g6 4. Nc3 Bg7 5. e4 d6 6. h3 O-O 7. Bd3 e6 8. Nf3 exd5 9. cxd5 Re8 10. O-O Nbd7 11. Bf4 c4 12. Bc2 Nc5 13. Re1 b5 14. Nxb5 Nfxe4 15. Bxe4 Nxe4 16. Nd2 Qb6 17. Nxe4 Qxb5 18. Nxd6 Rxe1+ 19. Qxe1 Qd7 20. Nxc4 Qxd5 21. Rd1 Qc6 22. Rd8+ Bf8 23. Qb4 1-0

[Event "44th Chess Olympiad Women 2022"]
[Site "Chennai"]
[Date "2022.07.31"]
[Round "3.35"]
[White "Guillen Cristobal, Sandra N"]
[Black "Lam, Ka Yan"]
[Result "1-0"]
[WhiteElo "1962"]
[BlackElo "1223"]
[Annotator "NA RC"]
[PlyCount "47"]
[EventDate "2022.??.??"]
[TimeControl "60"]

1. e4 c5 2. Nf3 d6 3. d4 cxd4 4. Nxd4 Nf6 5. Nc3 a6 6. Be2 e5 7. Nb3 Be6 8. Bg5 Be7 9. Qd2 Nc6 10. O-O d5 11. Bxf6 d4 12. Bxe7 Qxe7 13.
Nd5 Qd6 14. c4 O-O 15. f4 f5 16. c5 Qd8 17. Nb6 Rb8 18. exf5 Bxf5 19. Bc4+ Kh8 20. fxe5 d3 21. e6 Ne5 22. Bd5 Qh4 23. Qf4 Qh5 24. Qxe5 1-0

[Event "44th Chess Olympiad Women 2022"]
[Site "Chennai"]
[Date "2022.07.31"]
[Round "3.35"]
[White "Leung, Hoi Ting"]
[Black "Avila Fraire, Ameyalli"]
[Result "0-1"]
[WhiteElo "1277"]
[BlackElo "1907"]
[Annotator "RC"]
[PlyCount "184"]
[EventDate "2022.??.??"]
[TimeControl "60"]

1. d4 Nf6 2. Bf4 g6 3. Nc3 Bg7 4. e4 d6 5. Qd2 Nbd7 6. Nf3 c5 7. d5 Rb8 8. Bc4 Qa5 9. O-O b5 10. Bxb5 Rxb5 11. Nxb5 Qxb5 12. e5 dxe5 13. Bxe5 Nxe5 14. Nxe5 c4 15. c3 Qxd5 16. Qxd5 Nxd5 17. Rfe1 Be6 18. Rad1 O-O 19. Nxc4 Nxc3 20. bxc3 Bxc4 21.
Rxe7 a6 22. Rc7 Bxa2 23. Ra1 Rb8 24. Rc6 a5 25. Kf1 Rb2 26.
Rc8+ Bf8 27. Ra8 Bc4+ 28. Kg1 Rc2 29. R8xa5 Rxc3 30. Re5 Rc2 31. h3 Kg7 32. Rd1 Kf6 33. Re3 Bc5 34. Rf3+ Kg7 35. Rd7 Be6 36. Rd1 Bc8 37. Rf1 Bb7 38. Rf4 Ba6 39. Ra1 g5 40. Rf5 Bc8 41. Rxg5+ Kh6 42. Rg8 Bb7 43. Rf1 Ba6 44. Ra1 Rxf2 45. Kh2 Bc4 46. Rc1 Bd6+ 47. Kg1 Rf4 48. Kh1 Be6 49. Rd1 Bc5 50. Rc1 Bd4 51. Re1 Bc3 52. Rc1 Be5 53. Re1 f6 54. Re8 Bd5 55. Rd8 Bc6 56.
Rg8 Rf2 57. Rc1 Bd5 58. Rg4 f5 59. Kg1 Rd2 60. Ra4 Bxg2 61.
Rc5 Bd4+ 62. Rxd4 Rxd4 63. Kxg2 Kg5 64. Kg3 Rd3+ 65. Kg2 h5 66. Rc4 h4 67. Ra4 Rg3+ 68. Kh2 Re3 69. Kg2 Re4 70. Ra3 Re2+ 71. Kf1 Rh2 72. Kg1 Rd2 73. Rc3 Kf4 74. Rc4+ Kf3 75. Rc3+ Ke4 76. Rc4+ Rd4 77. Rxd4+ Kxd4 78. Kf2 Ke4 79. Ke2 f4 80. Kf2 Ke5 81. Kf3 Kf5 82. Ke2 Ke4 83. Kf2 f3 84. Ke1 Ke3 85. Kf1 f2 86.
Kg2 Ke2 87. Kh2 f1=R 88. Kg2 Rf2+ 89. Kg1 Kf3 90. Kh1 Kg3 91. Kg1 Rf3 92. Kh1 Rf1# 0-1

[Event "44th Chess Olympiad Women 2022"]
[Site "Chennai"]
[Date "2022.07.31"]
[Round "3.36"]
[White "Curwin, Nickaylah"]
[Black "Hng, Mei-Xian Eunice"]
[Result "0-1"]
[WhiteElo "1499"]
[BlackElo "1823"]
[Annotator "NA RC"]
[PlyCount "123"]
[EventDate "2022.??.??"]
[TimeControl "60"]

1. d4 Nf6 2. Bf4 e6 3. Nf3 c5 4. e3 Qb6 5. Qc1 Nc6 6. c3 Be7 7. h3 O-O 8. Nbd2 cxd4 9. exd4 Nd5 10. Bg3 d6 11. Bd3 h6 12. O-O Qd8 13.
Re1 Nf6 14. Qc2 b6 15. Ne4 Bb7 16. Qe2 Qd7 17. Nxf6+ Bxf6 18. Qe4 g6 19. Qf4 Bg7 20. Qxd6 Qxd6 21. Bxd6 Rfd8 22. Bg3 Rac8 23. Rad1 Na5 24. Ne5 Bd5 25. Ba6 Bxe5 26. Bxe5 Rc6 27. Bb5 Rcc8 28. Bf6 Rf8 29. Be7 Bxa2 30. Bxf8 Kxf8 31. b4 Bc4 32. bxa5 Bxb5 33. axb6 axb6 34. Rb1 Bd3 35. Rxb6 Rxc3 36. Rb8+ Kg7 37. Rb7 Rc6 38. Ra1 Be4 39. Rd7 Rc8 40. Raa7 Rf8 41. f3 Bc6 42. Rdc7 Bd5 43. Kf2 g5 44. Ke3 h5 45. g3 Kg6 46. h4 gxh4 47. gxh4 Kf6 48. Kf4 Bb3 49. Ra5 Rd8 50. Rxh5 Rxd4+ 51. Ke3 Ra4 52. Rh7 e5 53. Rc6+ Be6 54. Rh6+ Kf5 55. Rh5+ Kg6 56. Rxe6+ Kxh5 57. Rxe5+ Kxh4 58. Re4+ Rxe4+ 59. Kxe4 Kg3 60. f4 Kg4 61. Ke5 f5 62. Kd4 0-1

[Event "44th Chess Olympiad Women 2022"]
[Site "Chennai"]
[Date "2022.07.31"]
[Round "3.36"]
[White "Hng, Mei-En Emmanuelle"]
[Black "Clarke, Adani"]
[Result "1-0"]
[WhiteElo "1997"]
[BlackElo "1812"]
[Annotator "NA"]
[PlyCount "55"]
[EventDate "2022.??.??"]
[TimeControl "60"]

1. e4 e6 2. d4 d5 3. Nc3 Bb4 4. e5 c5 5. Bd2 Ne7 6. Nb5 Bxd2+ 7. Qxd2 O-O 8.
f4 Bd7 9. Nd6 Qb6 10. O-O-O cxd4 11. Nf3 Nbc6 12. Bd3 f6 13. Qe1 Nb4 14. Kb1 a6 15. Nxd4 Nxd3 16. Rxd3 Nc6 17. Nf3 Qc7 18. h4 Ne7 19. Rc3 Bc6 20. Nd4 Qd7 21. h5 h6 22. Rg3 fxe5 23. Qxe5 Nc8 24. Nxe6 Kh8 25. Nxf8 Qc7 26. Ne6 Qe7 27. Rxg7 Qxd6 28. Rh7+ 1-0

[Event "44th Chess Olympiad Women 2022"]
[Site "Chennai"]
[Date "2022.07.31"]
[Round "3.36"]
[White "Miller, Rachel"]
[Black "Khegay, Anjela"]
[Result "0-1"]
[WhiteElo "1961"]
[BlackElo "2131"]
[Annotator "NA"]
[PlyCount "106"]
[EventDate "2022.??.??"]
[TimeControl "60"]

1. e4 g6 2. d4 d6 3. Nc3 Bg7 4. Be3 a6 5. Qd2 b5 6. h4 h6 7. f3 Nd7 8. a4 bxa4 9. Rxa4 Nb6 10. Ra3 Nf6 11. Bd3 Nfd7 12. Qe2 a5 13. Na4 Nxa4 14. Rxa4 c5 15. c3 O-O 16. h5 g5 17. Nh3 Rb8 18. O-O Nf6 19. dxc5 Nxh5 20. Rfa1 dxc5 21. Bxc5 Bxh3 22. e5 Ng3 23. Qc2 Be6 24. Rxa5 Bb3 25.
Qb1 Bxe5 26. Bf2 Bc7 27. Bh7+ Kh8 28. Bd4+ f6 29. Qg6 Qe8 30. Qxh6 Qh5 31. Qxh5 Nxh5 32. Rxg5 Nf4 33. Kf2 Nh3+ 34. gxh3 Kxh7 35. Rg4 Rg8 36. Rh4+ Kg6 37. Rg1+ Kf5 38. Rh5+ Rg5 39. Rgxg5+ fxg5 40. h4 Bf4 41. hxg5 Bf7 42. Rh7 Rxb2+ 43. Kg1 Bd5 44. Rxe7 Bxf3 45. Bf2 Rb8 46. Bd4 Bg3 47. Rf7+ Kg4 48. Rxf3 Kxf3 49. Kh1 Rb1+ 50. Bg1 Bf2 51. Kh2 Rxg1 52. c4 Rxg5 53. c5 Rh5# 0-1

[Event "44th Chess Olympiad Women 2022"]
[Site "Chennai"]
[Date "2022.07.31"]
[Round "3.37"]
[White "Gamage, Desandhi Dhihansa"]
[Black "Guo, Yu Han"]
[Result "0-1"]
[WhiteElo "1561"]
[BlackElo "1630"]
[Annotator "NA RC"]
[PlyCount "90"]
[EventDate "2022.??.??"]
[TimeControl "60"]

1. e4 c6 2. d4 d5 3. e5 Bf5 4. h4 h5 5. Bd3 Bxd3 6. Qxd3 e6 7. Bg5 Qb6 8. Nd2 Qa6 9. c4 Bb4 10. b3 c5 11. Ne2 Nc6 12. O-O Bxd2 13. Qxd2 dxc4 14. d5 Nxe5 15. Qc3 f6 16. Nf4 O-O-O 17. Nxe6 Rxd5 18. Qh3 fxg5 19. Nxg5+ Kb8 20. Rfe1 Nh6 21. Qg3 Qd6 22. Ne4 Qc7 23. bxc4 Nxc4 24. Qb3 Rd4 25. Re2 Rxe4 26. Rxe4 Nd2 27. Qc2 Nxe4 28. Qxe4 Ng4 29. g3 Rf8 30. Rf1 c4 31. Qc2 Qc5 32. Qd2 c3 33. Qc2 Rxf2 34. Rxf2 Qxf2+ 35. Qxf2 Nxf2 36. Kxf2 c2 37. Ke2 c1=Q 38. Kf3 Kc7 39. g4 hxg4+ 40. Kxg4 Kd6 41. a4 Ke5 42. h5 Qf4+ 43. Kh3 Ke4 44. a5 Kf3 45. h6 Qg3# 0-1